 Dungeon Crawl Stone Soup version 0.19.0-11-g3fc08b3 (webtiles) character file.

39 tsouns the Firebug (level 3, -1/19 HPs)
             Began as a Tengu Fire Elementalist on Nov 9, 2016.
             Slain by a gnoll
             ... wielding a +0 short sword
              (7 damage)
             ... on level 2 of the Dungeon.
             The game lasted 00:01:56 (876 turns).

tsouns the Firebug (Tengu Fire Elementalist)         Turns: 876, Time: 00:01:56

Health: -1/19      AC:  2    Str:  8    XL:     3   Next: 47%
Magic:  0/7        EV: 13    Int: 16    God:
Gold:   54         SH:  0    Dex: 14    Spells: 2 memorised, 4 levels left

rFire  . . .     SeeInvis .     (no weapon)
rCold  . . .     Gourm    .     a - +0 robe
rNeg   . . .     Faith    .     (no shield)
rPois  .         Spirit   .     (helmet restricted)
rElec  .         Reflect  .     (no cloak)
rCorr  .         Harm     .     (no gloves)
MR     .....                    (boots unavailable)
Stlth  ++........               (no amulet)
                                (no ring)
                                (no ring)

@: very slightly contaminated
A: beak, talons 3
a: no special abilities


You were on level 2 of the Dungeon.
You were not hungry.

You visited 1 branch of the dungeon, and saw 2 of its levels.

You collected 54 gold pieces.

Inventory:

Armour
 a - a +0 robe (worn)
Scrolls
 g - 3 scrolls of amnesia {unknown}
 i - a scroll of remove curse {unknown}
 j - a scroll of fog {unknown}
 k - a scroll of magic mapping {unknown}
 l - a scroll of recharging {unknown}
Potions
 e - a potion of curing {unknown}
 h - a potion of mutation {unknown}
 m - a potion of agility {unknown}
Books
 b - a book of Flames

   Spells                             Type                      Level
   a - Flame Tongue                   Conjuration/Fire             1
   b - Throw Flame                    Conjuration/Fire             2
   c - Conjure Flame                  Conjuration/Fire             3
   d - Inner Flame                    Hexes/Fire                   3
   e - Sticky Flame                   Conjuration/Fire             4
   f - Fireball                       Conjuration/Fire             5
Comestibles
 c - 2 bread rations
 d - 4 chunks of flesh
 f - a beef jerky


   Skills:
 + Level 2.5 Dodging
 - Level 2.0 Stealth
 + Level 2.5 Spellcasting
 + Level 2.2 Conjurations
 + Level 3.8 Fire Magic


You had 4 spell levels left.
You knew the following spells:

 Your Spells              Type           Power        Failure   Level  Hunger
a - Flame Tongue          Conj/Fire      ##...        8%          1    #......
b - Throw Flame           Conj/Fire      ##....       10%         2    ##.....


Dungeon Overview and Level Annotations

Branches:
Dungeon (2/15)

Altars:


Innate Abilities, Weirdness & Mutations

You have a beak for a mouth.
You have claws for feet.


Message History

The gnoll closely misses you. The gnoll hits you with a short sword.
You see here 18 arrows.
Casting: Flame Tongue
Confirm with . or Enter, or press ? or * to list all spells.
Aiming: Flame Tongue
Press: ? - help, Shift-Dir - straight line, f/p - gnoll
Aim: a gnoll, wielding a short sword (heavily wounded)
The flame tongue hits the gnoll.
The gnoll is almost dead.
The gnoll hits you with a short sword.
Casting: Flame Tongue
Confirm with . or Enter, or press ? or * to list all spells.
Aiming: Flame Tongue
Press: ? - help, Shift-Dir - straight line, f/p - gnoll
Aim: a gnoll, wielding a short sword (almost dead)
The flame tongue hits the gnoll.
The gnoll is almost dead.
The gnoll hits you with a short sword!
You die...

........##### #.###.#
......### #. #.# #####.#
#.###.# #+## #...## ##...##
###(# ##.....## ### #.#
##.......## ##.###.#
#.........####...##.######.
'.........+.....@g.........
#.........####...##.#####..
##.......# ##.##...#
##.†...## #.÷....# ##...##
#.##...# ##'## #.###### #.#
#.# #.# #.# ##.## #.#


You could see a gnoll.

Vanquished Creatures
  2 gnolls (D:2)
  A dart slug (D:1)
  A leopard gecko (D:1)
  2 goblins (D:1)
  3 hobgoblins (D:1)
  2 ball pythons
  2 bats (D:1)
  3 kobolds
  3 rats
19 creatures vanquished.

Notes
Turn   | Place    | Note
-------+----------+-------------------------------------------
     0 | D:1      | tsouns the Tengu Fire Elementalist began the quest for the Orb.
     0 | D:1      | Reached XP level 1. HP: 10/10 MP: 4/4
   201 | D:1      | Reached XP level 2. HP: 15/15 MP: 0/6
   207 | D:1      | Learned a level 2 spell: Throw Flame
   837 | D:2      | Reached XP level 3. HP: 19/19 MP: 4/7
   876 | D:2      | Slain by a gnoll

Skill      XL: |  1  2 |
---------------+-------+-----
Conjurations   | 2 |  2.2
Dodging        | |  2.5
Stealth        | |  2.0
Spellcasting   | |  2.5
Fire Magic     | |  3.8

Action                   || total
-------------------------++-------
Melee: Unarmed           ||     2
 Cast: Flame Tongue      ||    36
Dodge: Dodged            ||     9
